Map: Catalyst LE

Players

MperorMmm (MperorM)

  • Race: Terran Terran
  • Spawn Location: 11:00

Light - Winner!

  • Race: Protoss Protoss
  • Spawn Location: 5:00

Event: WCS Leipzig 2018

VOD

Have the link to the VOD?

Description

Time

  • Played on: Jan. 26, 2018, 6:51 a.m.
  • Length: 7:49

All games in this series

Show
View Real Time Build Order
Export as new Build Order

MperorMmm Terran 

Build Orders: Gas First Reaper Expand, Reaper Expand, MMM Bio 

Get SALT Encoding   

  12  0:00  SCV  
  13  0:12  SCV  
  14  0:17  Supply Depot  
  14  0:25  SCV  
  15  0:30  Refinery  
  15  0:38  SCV  
  16  0:45  Barracks  
  16  0:50  SCV  
  17  1:02  SCV  
  18  1:15  SCV  
  19  1:32  Orbital Command, Reaper  
  20  1:46  Command Center  
  20  1:58  Factory  
  21  2:01  SCV  
  21  2:09  Supply Depot  
  21  2:11  Barracks Tech Lab  
  21  2:15  SCV  
  22  2:24  Refinery  
  22  2:27  SCV  
  23  2:30  Marauder  
  23  2:32  Concussive Shells  
  25  2:42  Hellion  
  25  2:43  SCV  
  28  2:52  Marauder  
  28  2:55  SCV  
  28  2:58  Orbital Command  
  31  3:05  Hellion  
  33  3:08  SCV  
  34  3:13  Marine  
  34  3:18  Starport  
  35  3:24  Stimpack  
  35  3:25  SCV  
  36  3:28  SCV  
  36  3:31  Factory Tech Lab  
  36  3:33  Marine  
  38  3:39  SCV  
  38  3:40  SCV  
  40  3:46  Supply Depot  
  40  3:51  SCV, Marine, Siege Tank  
  40  3:53  SCV  
  46  4:04  SCV  
  46  4:09  SCV  
  42  4:15  Starport Reactor  
  42  4:16  SCV  
  40  4:18  Barracks  
  40  4:19  Marauder  
  40  4:20  Barracks  
  40  4:21  SCV  
  43  4:24  Siege Tank  
  43  4:28  SCV  
  47  4:33  SCV  
  47  4:35  Refinery  
  47  4:38  Supply Depot  
  48  4:40  SCV  
  48  4:45  SCV  
  50  4:49  Barracks  
  50  4:50  Barracks  
  50  4:51  Medivac  
  52  4:56  SCV  
  52  4:57  Supply Depot  
  52  4:59  Marauder  
  55  5:04  Medivac  
  57  5:10  Barracks Reactor  
  57  5:13  SCV  
  57  5:14  SCV, Barracks Tech Lab  
  59  5:20  Refinery  
  59  5:21  Supply Depot  
  59  5:22  Marauder  
  59  5:23  Supply Depot  
  59  5:25  SCV  
  59  5:26  SCV  
  63  5:33  Medivac  
  65  5:37  SCV  
  65  5:38  SCV, Marine x2  
  65  5:39  Marine  
  70  5:45  Marauder  
  70  5:46  Combat Shields  
  70  5:47  Marine x2  
  70  5:49  SCV  
  75  5:50  SCV  
  76  5:59  Marine x3  
  76  6:01  SCV  
  80  6:04  Command Center  
  80  6:07  Supply Depot  
  80  6:09  Marauder  
  80  6:10  Marine  
  80  6:11  Marine  
  84  6:21  Supply Depot, Barracks Tech Lab, Barracks Reactor  
  84  6:22  SCV  
  84  6:24  SCV  
  86  6:29  Siege Tank, Marine  
  86  6:30  Marauder  
  86  6:32  Supply Depot  
  92  6:35  SCV  
  92  6:40  Engineering Bay  
  92  6:41  SCV, Engineering Bay  
  91  6:47  SCV  
  91  6:53  SCV  
  93  6:58  Marine x4  
  93  6:59  Marauder x3  
  84  7:01  SCV  
  84  7:05  Siege Tank  
  85  7:19  SCV x2  
  87  7:24  Marine x4  
  87  7:25  Marine  
  87  7:26  Marauder  
Show
View Real Time Build Order
Export as new Build Order

Light Protoss - Winner!

Build Orders: 1 Gate Expand, Blink Stalkers 

Get SALT Encoding   

  12  0:01  Probe  
  13  0:13  Probe  
  14  0:18  Pylon  
  14  0:25  Probe (Chrono Boost)  
  15  0:38  Probe (Chrono Boost), Gateway  
  16  0:46  Probe (Chrono Boost)  
  16  0:48  Assimilator  
  17  0:52  Probe  
  18  1:04  Probe  
  19  1:16  Probe  
  20  1:28  Nexus  
  20  1:31  Probe  
  21  1:42  Cybernetics Core  
  21  1:45  Probe  
  22  1:52  Pylon  
  22  1:59  Assimilator  
  22  2:00  Probe  
  23  2:12  Probe (Chrono Boost)  
  24  2:16  Stalker (Chrono Boost)  
  24  2:19  Warp Gate  
  24  2:22  Probe (Chrono Boost)  
  27  2:27  Probe (Chrono Boost)  
  28  2:31  Twilight Council  
  28  2:39  Probe  
  28  2:40  Probe  
  30  2:45  Stalker  
  30  2:51  Probe  
  33  2:53  Probe  
  34  3:03  Probe  
  34  3:04  Blink (Chrono Boost)  
  36  3:07  Pylon  
  36  3:12  Probe  
  36  3:15  Probe  
  37  3:20  Stalker  
  37  3:24  Probe  
  40  3:27  Probe  
  41  3:35  Gateway  
  41  3:36  Probe  
  41  3:39  Probe  
  43  3:42  Gateway  
  43  3:48  Probe  
  44  3:50  Stalker  
  44  3:51  Probe  
  40  4:12  Probe (Chrono Boost)  
  40  4:13  Probe (Chrono Boost)  
  39  4:22  Probe x2 (Chrono Boost)  
  39  4:24  Robotics Facility  
  41  4:27  Pylon  
  41  4:28  Probe  
  41  4:30  Probe  
  43  4:34  Stalker  
  43  4:35  Stalker  
  43  4:38  Stalker  
  49  4:40  Probe  
  49  4:42  Probe  
  49  4:43  Pylon  
  51  4:48  Assimilator  
  51  4:52  Probe  
  52  4:54  Probe  
  52  4:58  Stalker  
  52  4:59  Stalker  
  57  5:01  Stalker  
  59  5:12  Observer (Chrono Boost)  
  60  5:15  Nexus  
  60  5:18  Pylon  
  60  5:20  Probe  
  61  5:22  Charge (Chrono Boost)  
  61  5:23  Probe  
  62  5:32  Forge  
  62  5:33  Observer  
  64  5:42  Assimilator  
  64  5:45  Stalker x2  
  64  5:47  Stalker  
  64  5:49  Probe  
  70  5:52  Probe  
  70  5:56  Observer  
  72  6:01  Probe, Protoss Ground Armor Level 1 (Chrono Boost)  
  74  6:11  Gateway  
  74  6:12  Gateway  
  74  6:14  Gateway  
  74  6:15  Stalker  
  75  6:19  Stalker  
  77  6:26  Probe  
  77  6:27  Pylon  
  77  6:30  Stalker  
  78  6:41  Zealot  
  80  6:48  Zealot  
  80  6:52  Pylon  
  82  7:04  Zealot x2  
  82  7:06  Probe x2  
  88  7:11  Probe (Chrono Boost), Forge  
  88  7:13  Zealot  
  88  7:15  Zealot x3  
  97  7:18  Probe (Chrono Boost)  
  100  7:23  Probe (Chrono Boost)  
  100  7:24  Probe (Chrono Boost)  
  100  7:27  Probe (Chrono Boost)  
  100  7:29  Probe (Chrono Boost)  
  102  7:31  Probe (Chrono Boost)  
Tags
 
Add a new tag
Caveats
  • Supply blocks, unpowered buildings, or Contaminate may cause inaccurate times.
  • Supply counts are checked every 10 seconds.